 Dungeon Crawl Stone Soup version bcrawl-1.19.1 (webtiles) character file.

Game seed: 9544155273399031135

1301 Freyura the Skirmisher (level 8, -3/71 HPs)
             Began as a Hill Orc Fighter on Nov 29, 2019.
             Was an Initiate of Beogh.
             Slain by a tengu warrior
             ... wielding a +3 long sword
              (9 damage)
             ... on level 6 of the Dungeon.
             The game lasted 00:13:29 (5392 turns).

Freyura the Skirmisher (Hill Orc Fighter)           Turns: 5392, Time: 00:13:30

Health: -3/71      AC: 11    Str: 19    XL:     8   Next: 57%
Magic:  9/9        EV: 15    Int:  8    God:    Beogh [......]
Gold:   424        SH: 10    Dex: 17    Spells: 7/7 levels left

rFire    . . .     SeeInvis .   a - +0 flail
rCold    + . .     Gourm    .   c - +0 shield
rNeg     . . .     Faith    .   b - +0 scale mail
rPois    .         Spirit   .   t - +1 helmet
rElec    .         Reflect  .   (no cloak)
rCorr    .         Harm     .   (no gloves)
MR       .....                  r - +0 pair of boots
Stlth    +.........             (no amulet)
HPRegen  0.21/turn              q - ring of ice
MPRegen  0.11/turn              s - ring of protection from fire

@: agile
A: no striking features
a: Renounce Religion


You were on level 6 of the Dungeon.
You worshipped Beogh.
Beogh was noncommittal.
You were hungry.

You visited 2 branches of the dungeon, and saw 7 of its levels.

You collected 424 gold pieces.

Inventory:

Hand Weapons
 a - a +0 flail (weapon)
 x - a +3 hand axe of venom
Armour
 b - a +0 scale mail (worn)
 c - a +0 shield (worn)
 r - a +0 pair of boots (worn)
 t - a +1 helmet (worn)
Jewellery
 q - a ring of ice (left hand)
 s - a ring of protection from fire (right hand)
Scrolls
 e - 2 scrolls of fog
 j - 2 scrolls of amnesia
 l - a scroll of identify
 o - 2 scrolls of remove curse
 v - a scroll of teleportation
Potions
 g - a potion of lignification {unknown}
 h - 3 potions of heal wounds
 k - a potion of curing {unknown}
 m - a potion of berserk rage {unknown}
 n - 2 potions of agility
 p - a potion of resistance {unknown}
 u - a potion of ambrosia {unknown}
Comestibles
 f - 9 rations {!d}


   Skills:
 * Level 6.7 Fighting
   Level 6.7 Short Blades
   Level 6.7 Long Blades
   Level 6.7 Axes
   Level 6.7 Maces & Flails
   Level 6.7 Polearms
   Level 6.7 Staves
 + Level 5.8 Armour
 + Level 3.4 Dodging
 + Level 5.9 Shields
   Level 6.7 Unarmed Combat
 + Level 2.0 Invocations


You had 7 spell levels left.
You didn't know any spells.
Your spell library was empty.

Dungeon Overview and Level Annotations

Branches:
Dungeon (6/12)             Temple (1/1) D:4

Altars:
Ashenzari
Cheibriados
Dithmenos
Elyvilon
Fedhas
Kikubaaqudgha
Makhleb
Okawaru
Sif Muna
Trog
Uskayaw
Wu Jian
Xom
Zin
The Shining One

Shops:
D:5 **!}


Message History

The tengu warrior is moderately wounded.
The tengu warrior hits you but does no damage.
The tengu warrior pecks you.
The tengu warrior claws you but does no damage.
You hit the tengu warrior.
The tengu warrior is moderately wounded.
The tengu warrior hits you with a +3 long sword!
* * * LOW HITPOINT WARNING * * *
You block the tengu warrior's attack. The tengu warrior closely misses you.
You barely miss the tengu warrior.
The tengu warrior is moderately wounded.
The tengu warrior hits you with a +3 long sword.
* * * LOW HITPOINT WARNING * * *
The tengu warrior pecks you.
* * * LOW HITPOINT WARNING * * *
The tengu warrior misses you.
You hit the tengu warrior but do no damage.
The tengu warrior is moderately wounded.
The tengu warrior hits you with a +3 long sword!
You die...

... ... ##.. ...
##.. #.. .. #.#
#Q.# #@# .....#Q##
..# .......Q.###
..# ...........###
..# .....)..##...#
..#
........####.###..#
........#
#......#####
........#
##..........
........#
##..#........


You could see 2 tengu warriors.

Vanquished Creatures
  Grinder (D:5)
  Menkaure (D:5)
  A water moccasin (D:5)
  A sky beast (D:4)
  An ogre (D:5)
  A scorpion (D:5)
  6 crimson imps
  A bullfrog skeleton (D:5)
  2 orc wizards
  2 hounds
  A centaur skeleton (D:5)
  An iguana (D:5)
  3 worker ants
  A killer bee zombie (D:5)
  4 adders
  A shadow imp (D:5)
  3 oozes
  An adder zombie (D:5)
  3 worms
  A dart slug (D:2)
  4 leopard geckos
  13 orcs
  4 bats
  4 giant cockroaches
  7 goblins
  6 hobgoblins
  9 jackals
  9 kobolds
  3 quokkas
  A frilled lizard (D:4)
  11 rats
107 creatures vanquished.

Vanquished Creatures (others)
  An ice beast (D:5)
  A centaur (D:5)
  An orc priest (D:5)
  An iguana (D:5)
  2 orcs (D:5)
  A hobgoblin (D:2)
  A bat (D:2)
8 creatures vanquished.

Grand Total: 115 creatures vanquished

Notes
Turn   | Place    | Note
-------+----------+-------------------------------------------
     0 | D:1      | Freyura the Hill Orc Fighter began the quest for the Orb.
     0 | D:1      | Reached XP level 1. HP: 20/20 MP: 1/1
   130 | D:1      | Reached XP level 2. HP: 8/27 MP: 2/2
   629 | D:1      | Reached XP level 3. HP: 34/34 MP: 3/3
  1241 | D:2      | Found a bloodstained altar of Trog.
  1248 | D:2      | Reached skill level 1 in Dodging
  1301 | D:2      | Reached XP level 4. HP: 36/41 MP: 4/4
  1342 | D:2      | Found a white marble altar of Elyvilon.
  2592 | D:4      | Found a staircase to the Ecumenical Temple.
  2615 | D:4      | Reached XP level 5. HP: 21/47 MP: 5/5
  2643 | Temple   | Entered the Ecumenical Temple
  2943 | D:4      | Reached skill level 5 in Fighting
  2978 | D:4      | Reached XP level 6. HP: 27/56 MP: 6/6
  3592 | D:4      | Noticed a sky beast
  3600 | D:4      | Killed a sky beast
  3857 | D:5      | Entered Level 5 of the Dungeon
  3864 | D:5      | Found Reihis's Assorted Antiques.
  3963 | D:5      | Reached XP level 7. HP: 47/62 MP: 7/7
  4087 | D:5      | Reached skill level 5 in Shields
  4128 | D:5      | Found an ancient bone altar of Kikubaaqudgha.
  4133 | D:5      | Reached skill level 5 in Armour
  4175 | D:5      | Found a shadowy altar of Dithmenos.
  4184 | D:5      | Noticed Grinder
  4193 | D:5      | Reached skill level 6 in Fighting
  4202 | D:5      | Killed Grinder
  4202 | D:5      | Reached XP level 8. HP: 41/70 MP: 8/8
  4266 | D:5      | Became a worshipper of Beogh the Brigand
  4276 | D:5      | Noticed Menkaure
  4282 | D:5      | Killed Menkaure
  4282 | D:5      | Reached skill level 1 in Invocations
  4410 | D:5      | Found Bosam's General Store.
  4884 | D:5      | Found Parucw's Gadget Shoppe.
  4889 | D:5      | Found Unlerphe's Distillery.
  5035 | D:5      | Found a blossoming altar of Fedhas.
  5365 | D:6      | Noticed a tengu warrior
  5376 | D:6      | Noticed a tengu warrior
  5392 | D:6      | Slain by a tengu warrior

Skill      XL: |  1  2  3  4  5  6  7  8 |
---------------+-------------------------+-----
Dodging        | 1 2 3 |  3.4
Shields        | 4 5 |  5.9
Armour         | 4 5 |  5.8
Fighting       | 5 6 |  6.7
Invocations    | 2 |  2.0
Short Blades   | |  6.7
Long Blades    | |  6.7
Axes           | |  6.7
Maces & Flails | |  6.7
Polearms       | |  6.7
Staves         | |  6.7
Unarmed Combat | |  6.7

Action                   |  1- 3 |  4- 6 |  7- 9 || total
-------------------------+-------+-------+-------++-------
Melee: Flail             |   115 |   235 |   218 ||   568
Invok: Convert to Beogh  |       |       |     1 ||     1
  Use: Scroll            |       |     5 |     5 ||    10
       Potion            |       |     1 |     2 ||     3
  Eat: Chunk             |     1 |     5 |     2 ||     8
       Ration            |       |     1 |     1 ||     2
Armor: Scale mail        |    51 |   160 |    94 ||   305
Dodge: Dodged            |    35 |   120 |    70 ||   225
Block: Shield            |    62 |   167 |    97 ||   326
